Map: Amygdala

Players

ShoWTimE - Winner!

  • Race: Protoss Protoss
  • League: Master
  • Spawn Location: 1:00

Geralt (Gerald)

  • Race: Protoss Protoss
  • League: Grandmaster
  • Spawn Location: 7:00

Event: HomeStory Cup XXVI

VOD

Have the link to the VOD?

Description

Time

  • Played on: Nov. 29, 2024, 11:26 a.m.
  • Length: 12:01

All games in this series

Show
View Real Time Build Order
Export as new Build Order

ShoWTimE Protoss - Winner!

Build Orders: Oracle Opening, Blink Stalkers 

Get SALT Encoding   

  12  0:00  Probe  
  13  0:12  Probe  
  14  0:16  Pylon  
  14  0:23  Probe  
  15  0:31  Probe  
  15  0:36  Gateway  
  15  0:39  Probe  
  16  0:45  Assimilator  
  17  0:50  Probe  
  18  0:59  Probe  
  19  1:04  Assimilator  
  19  1:05  Pylon  
  19  1:07  Probe  
  19  1:17  Probe  
  20  1:24  Cybernetics Core  
  21  1:29  Probe  
  21  1:30  Zealot  
  24  1:41  Probe  
  25  1:53  Probe  
  26  2:01  Warp Gate  
  26  2:04  Stargate  
  26  2:16  Nexus  
  26  2:20  Stalker  
  28  2:30  Pylon  
  28  2:37  Shield Battery  
  28  2:39  Oracle  
  31  2:53  Probe  
  31  2:55  Stalker  
  34  3:05  Probe  
  35  3:08  Oracle  
  35  3:15  Pylon  
  37  3:20  Probe  
  38  3:28  Probe  
  38  3:32  Probe  
  40  3:40  Twilight Council, Probe  
  41  3:45  Probe  
  42  3:49  Blink  
  42  3:52  Gateway, Probe  
  43  3:57  Probe  
  43  4:00  Probe  
  44  4:08  Gateway, Probe  
  44  4:09  Probe  
  47  4:19  Probe  
  47  4:21  Probe  
  49  4:28  Stalker  
  52  4:31  Probe  
  52  4:33  Probe  
  52  4:37  Pylon  
  53  4:43  Probe  
  53  4:45  Gateway  
  54  4:46  Pylon  
  54  4:52  Stalker, Probe  
  57  4:53  Stalker  
  59  5:04  Stalker  
  61  5:11  Nexus  
  58  5:18  Stalker  
  58  5:20  Stalker  
  62  5:29  Shield Battery  
  62  5:30  Stalker  
  62  5:32  Probe x2  
  65  5:39  Stalker  
  67  5:44  Stalker x2  
  67  5:46  Probe x2  
  73  5:51  Assimilator  
  73  5:58  Forge, Probe x2  
  73  6:06  Stalker x2  
  73  6:07  Probe  
  73  6:10  Probe  
  77  6:15  Probe  
  77  6:19  Probe  
  77  6:20  Protoss Ground Weapons Level 1  
  77  6:23  Probe  
  77  6:24  Pylon  
  77  6:25  Probe  
  80  6:27  Shield Battery, Probe  
  80  6:28  Stalker  
  80  6:32  Charge  
  84  6:35  Probe  
  84  6:36  Stalker  
  84  6:37  Probe x2  
  89  6:47  Probe  
  89  6:49  Probe x2  
  89  6:50  Gateway  
  92  6:54  Sentry  
  92  6:58  Gateway  
  92  6:59  Probe  
  95  7:04  Pylon  
  95  7:05  Phoenix  
  95  7:08  Zealot x2, Gateway  
  99  7:09  Gateway  
  99  7:13  Robotics Facility  
  99  7:21  Pylon  
  99  7:23  Nexus  
  99  7:26  Zealot x2  
  103  7:33  Zealot x2  
  103  7:34  Probe  
  103  7:36  Pylon  
  108  7:41  Pylon  
  108  7:45  Zealot  
  108  7:48  Pylon  
  108  7:51  Warp Prism  
  110  7:52  Pylon  
  110  7:53  Zealot x3  
  110  7:55  Probe x2, Protoss Ground Weapons Level 2, Pylon  
  110  7:56  Probe  
  119  8:02  Zealot  
  123  8:08  Zealot x2  
  127  8:17  Zealot x4  
  135  8:26  Observer  
  135  8:29  Zealot x3  
  135  8:30  Zealot  
  144  8:40  Gateway  
  144  8:41  Pylon  
  144  8:44  Observer  
  143  8:52  Zealot x7  
  153  8:58  Probe x2  
  153  8:59  Probe x2  
  153  9:01  Pylon  
  139  9:16  Stalker x7  
  153  9:19  Zealot  
  155  9:28  Gateway  
  140  9:45  Zealot x7  
  144  9:46  Zealot x2  
  142  9:55  Immortal  
  142  10:00  Probe x2  
  144  10:08  Gateway  
  144  10:09  Stalker x8  
  144  10:10  Zealot  
  144  10:13  Observer, Pylon  
  162  10:18  Probe x2  
  159  10:34  Nexus  
  159  10:40  Stalker x7  
  173  10:44  Probe  
  173  10:45  Probe x2  
  173  10:49  Stalker  
  178  10:50  Zealot x2  
  182  10:59  Probe x2  
  182  11:02  Shield Battery, Photon Cannon x3  
  184  11:12  Zealot x5  
  184  11:15  Zealot x7  
  184  11:16  Zealot  
  184  11:22  Immortal  
  184  11:23  Zealot  
  180  11:26  Zealot  
  180  11:30  Zealot  
  174  11:34  Probe  
  174  11:37  Zealot x4  
  174  11:38  Zealot x2  
  181  11:42  Zealot  
  181  11:44  Zealot x2  
  183  11:52  Zealot x2  
Show
View Real Time Build Order
Export as new Build Order

Geralt Protoss 

Build Orders: Blink Stalkers 

Get SALT Encoding   

  12  0:01  Probe  
  13  0:13  Probe  
  14  0:17  Pylon  
  14  0:23  Probe  
  15  0:32  Probe  
  15  0:37  Gateway  
  15  0:40  Probe  
  16  0:46  Assimilator  
  17  0:52  Probe  
  17  0:55  Assimilator  
  18  1:00  Probe  
  19  1:08  Probe  
  19  1:15  Gateway  
  20  1:18  Probe  
  20  1:24  Cybernetics Core  
  21  1:30  Probe  
  22  1:35  Pylon  
  22  1:42  Probe  
  23  1:54  Probe  
  23  1:58  Stalker  
  24  2:07  Warp Gate, Probe  
  29  2:22  Probe  
  30  2:25  Nexus  
  28  2:34  Probe  
  29  2:41  Twilight Council  
  29  2:46  Probe  
  29  2:47  Pylon  
  30  2:53  Shield Battery  
  30  3:02  Stalker, Blink, Probe  
  30  3:05  Sentry  
  35  3:14  Probe  
  35  3:17  Shield Battery  
  36  3:27  Probe  
  37  3:30  Pylon  
  37  3:37  Probe  
  37  3:39  Probe  
  39  3:49  Probe  
  39  3:51  Probe  
  39  3:54  Gateway  
  41  3:56  Stalker  
  41  4:01  Sentry  
  41  4:02  Probe  
  46  4:05  Probe  
  46  4:08  Pylon  
  47  4:14  Probe  
  45  4:18  Probe  
  45  4:20  Stalker  
  46  4:26  Probe  
  46  4:30  Probe  
  48  4:31  Gateway  
  48  4:38  Probe  
  48  4:42  Probe  
  48  4:43  Stalker  
  52  4:50  Probe  
  53  4:54  Stalker x2  
  57  5:03  Probe x2  
  58  5:15  Robotics Facility, Probe x2  
  58  5:17  Assimilator  
  60  5:25  Stalker x3  
  60  5:26  Stalker  
  67  5:38  Nexus  
  67  5:42  Pylon  
  67  5:59  Probe x2  
  68  6:07  Pylon, Probe x2  
  68  6:09  Forge  
  68  6:13  Shield Battery  
  68  6:16  Pylon  
  70  6:23  Gateway, Probe x2  
  70  6:26  Protoss Ground Weapons Level 1  
  72  6:35  Probe x2  
  72  6:36  Pylon, Immortal  
  72  6:37  Assimilator  
  72  6:38  Stalker x3  
  84  6:47  Probe x2  
  84  6:50  Robotics Bay  
  84  6:51  Probe  
  87  6:56  Pylon  
  87  6:59  Probe  
  87  7:00  Probe  
  89  7:05  Probe  
  90  7:09  Probe  
  90  7:11  Assimilator  
  90  7:13  Probe  
  90  7:14  Assimilator  
  92  7:16  Observer  
  92  7:17  Probe x2  
  92  7:20  Gateway x2  
  95  7:24  Gateway  
  95  7:25  Probe  
  95  7:26  Probe  
  95  7:29  Probe  
  98  7:34  Probe  
  98  7:37  Pylon  
  98  7:38  Probe  
  98  7:41  Probe  
  98  7:43  Probe  
  98  7:44  Stalker x3, Sentry  
  103  7:46  Disruptor  
  103  7:47  Shield Battery  
  103  7:50  Probe  
  111  7:53  Probe  
  111  7:56  Probe  
  109  8:01  Robotics Facility  
  109  8:03  Probe  
  114  8:07  Gateway  
  114  8:19  Protoss Ground Weapons Level 2  
  114  8:24  Disruptor  
  114  8:29  Nexus  
  114  8:30  Pylon  
  118  8:41  Stalker x3  
  122  8:45  Pylon  
  122  8:46  Pylon  
  122  8:48  Shield Battery  
  123  8:49  Disruptor  
  123  8:55  Disruptor  
  125  8:56  Photon Cannon  
  125  8:57  Pylon  
  123  9:11  Stalker x8  
  123  9:14  Probe  
  137  9:17  Photon Cannon  
  137  9:18  Pylon  
  127  9:33  Disruptor  
  127  9:35  Probe  
  127  9:36  Observer  
  131  9:45  Zealot x7  
  145  9:46  Charge  
  145  9:52  Disruptor  
  143  9:56  Stalker  
  143  9:57  Probe  
  143  9:58  Observer  
  138  10:06  Stalker x6  
  154  10:11  Pylon x2  
  154  10:22  Observer  
  154  10:26  Stalker  
  154  10:31  Disruptor x2  
  154  10:36  Templar Archives  
  154  10:38  Nexus  
  154  10:39  Observer  
  154  10:40  Pylon  
  162  10:44  Probe  
  162  10:45  Pylon, Probe  
  164  10:53  Photon Cannon  
  164  11:00  Stalker x2  
  164  11:03  Disruptor  
  164  11:04  Stalker x2  
  170  11:09  Zealot x2  
  178  11:15  Stalker  
  162  11:23  Zealot  
  143  11:31  Zealot x3  
  143  11:32  Zealot  
  150  11:36  Probe  
  150  11:39  Zealot  
  118  11:56  Zealot x3  
Tags
 
Add a new tag
Caveats
  • Supply blocks, unpowered buildings, or Contaminate may cause inaccurate times.
  • Supply counts are checked every 10 seconds.